 Dungeon Sprint DCSS version 0.26.1-11-gd32895ea62 (webtiles) character file.

Game seed: 153312463249907181

4977 rocky1 the Blocker (level 10, -2/89 HPs)
             Began as a Formicid Fighter on May 20, 2021.
             Was the Champion of Cheibriados.
             Killed from afar by a lindwurm (21 damage)
             ... with a blast of flame
             ... in the Dungeon (Sprint IX: "|||||||||||||||||||||||||||||").
             The game lasted 00:06:56 (1287 turns).

rocky1 the Blocker (Formicid Fighter)               Turns: 1287, Time: 00:06:57

Health: -2/89      AC: 14    Str: 39    XL:     10   Next: 83%
Magic:  19/19      EV: 14    Int: 23    God:    Cheibriados [******]
Gold:   0          SH: 17    Dex: 31    Spells: 9/9 levels left

rFire    . . .     SeeInvis +   l - +2 scimitar (holy)
rCold    . . .     Faith    .   c - +0 kite shield
rNeg     . . .     Spirit   .   p - +0 plate armour
rPois    .         Reflect  .   (helmet unavailable)
rElec    .         Harm     .   a - +0 cloak
rCorr    .         Rampage  .   (no gloves)
Will     +....                  (no boots)
Stlth    ..........             (no amulet)
HPRegen  0.24/turn              b - +3 ring of dexterity
MPRegen  0.16/turn              n - +3 ring of dexterity

@: very slow
A: permanent stasis, dig shafts and tunnels, four strong arms, antennae 3
a: Dig, Renounce Religion, Bend Time, Temporal Distortion, Slouch, Step From
Time


You were in the Dungeon.
You worshipped Cheibriados.
Cheibriados was exalted by your worship.
You visited 1 branch

Inventory:

Hand Weapons
 h - a +1 shortbow of flaming
 l - a +2 scimitar of holy wrath (weapon)
Missiles
 o - 65 arrows
Armour
 a - a +0 cloak (worn)
 c - a +0 kite shield (worn)
 p - a +0 plate armour (worn)
Jewellery
 b - a +3 ring of dexterity (left hand)
 n - a +3 ring of dexterity (right hand)
Wands
 k - a wand of acid (10)
Scrolls
 i - 4 scrolls of remove curse
 j - 2 scrolls of amnesia
 q - a scroll of identify
 s - a scroll of fear
Potions
 e - 7 potions of curing
 f - 5 potions of heal wounds
 g - 3 potions of magic
 m - a potion of mutation
 r - a potion of attraction


   Skills:
 + Level 12.2 Fighting
 + Level 11.9 Long Blades
 + Level 7.3 Armour
 + Level 5.1 Dodging
 + Level 14.1 Shields
 + Level 12.7 Invocations
 - Level 4.9 Evocations


You had 9 spell levels left.
You didn't know any spells.
Your spell library contained the following spells:

 Spells                   Type           Power        Failure   Level
 Malign Gateway           Summ/Tloc      0%           100%        7
 Monstrous Menagerie      Summ           0%           100%        7
 Summon Greater Demon     Summ           0%           100%        7
 Summon Horrible Things   Summ           0%           100%        8


Dungeon Overview and Level Annotations

Branches:
Dungeon (1/1)

Altars:
Cheibriados
Dithmenos
Elyvilon
Fedhas
Gozag
Hepliaklqana
Kikubaaqudgha
Makhleb
Nemelex Xobeh
Okawaru
Qazlal
Ru
Sif Muna
Trog
Uskayaw
Vehumet
Wu Jian
Xom
Yredelemnul
Zin
The Shining One
Beogh
Jiyva
Lugonu


Innate Abilities, Weirdness & Mutations

You cannot be hasted, slowed, berserked, paralysed or teleported.
You can dig through walls and to a lower floor.
Your four strong arms can wield two-handed weapons with a shield.
You have a pair of large antennae on your head. (SInv)


Message History

The lindwurm is severely wounded.
You block the lindwurm's attack. x2; The lindwurm claws you.
* * * LOW HITPOINT WARNING * * *
You slice the lindwurm!!
You kill the lindwurm!
Cheibriados appreciates the change of pace.
Your Dodging skill increases to level 5!
Your Shields skill increases to level 14!
The worm closely misses you.
Found a +0 chain mail.
Unknown command.
You slash the worm!
The worm is almost dead.
The worm bites you but does no damage.
You slash the worm!
You kill the worm!
Cheibriados appreciates the change of pace.
The lindwurm breathes flames at you. The blast of flame hits you!!
You die... { { {{{{{{{{{{{{ {{{{{ { { { {{{{{

{ ▓▓▓▓▓▓▓▓▓▓▓▓▓▓▓▓▓▓▓▓▓▓▓▓
....'÷÷÷......†.@.k....[
▓▓▓▓▓▓▓▓▓▓▓▓▓▓▓▓▓▓▓▓▓▓▓▓▓▓▓▓▓▓▓▓▓
.................................
▓▓▓▓▓▓▓▓▓▓▓▓▓▓▓▓▓▓▓▓▓▓▓▓▓▓▓▓▓▓▓▓▓
______________'.?)..[[..))[....†.
▓▓▓▓▓▓▓▓▓▓▓▓▓▓▓▓▓▓▓▓▓▓▓▓▓▓▓▓▓▓▓▓▓


You could see a lindwurm (catching breath).

Vanquished Creatures
  A hydra (D)
  A two-headed ogre (D)
  An unseen horror (D)
  2 lindwurms (D)
  A cane toad (D)
  A komodo dragon (D)
  A tyrant leech (D)
  A blink frog (D)
  A wyvern (D)
  2 yaks (D)
  A basilisk (D)
  A soldier ant (D)
  A water moccasin (D)
  An orc warrior (D)
  A phantom (D)
  3 centaurs (D)
  A wolf (D)
  9 bullfrogs (D)
  2 hounds (D)
  An adder skeleton (D)
  4 worms (D)
  2 bat zombies (D)
  2 giant cockroaches (D)
  A jackal (D)
  3 frilled lizards (D)
  A giant cockroach zombie (D)
  A rat (D)
47 creatures vanquished.

Notes
Turn   | Place    | Note
-------+----------+-------------------------------------------
     0 | D        | rocky1 the Formicid Fighter began the quest for the Orb.
     0 | D        | Reached XP level 1. HP: 18/18 MP: 1/1
     7 | D        | Reached skill level 4 in Shields
   147 | D        | Noticed a hound
   150 | D        | Reached XP level 2. HP: 24/24 MP: 2/2
   159 | D        | Reached skill level 6 in Shields
   159 | D        | Reached XP level 3. HP: 19/29 MP: 3/3
   176 | D        | Found a roughly hewn altar of Beogh.
   176 | D        | Found a snail-covered altar of Cheibriados.
   176 | D        | Found a shadowy altar of Dithmenos.
   176 | D        | Found a white marble altar of Elyvilon.
   176 | D        | Found a blossoming altar of Fedhas.
   176 | D        | Found an opulent altar of Gozag.
   177 | D        | Found a hazy altar of Hepliaklqana.
   178 | D        | Found a viscous altar of Jiyva.
   179 | D        | Found an ancient bone altar of Kikubaaqudgha.
   180 | D        | Became a worshipper of Cheibriados the Contemplative
   181 | D        | Found a corrupted altar of Lugonu.
   182 | D        | Found a burning altar of Makhleb.
   183 | D        | Found a sparkling altar of Nemelex Xobeh.
   184 | D        | Found an iron altar of Okawaru.
   185 | D        | Found a stormy altar of Qazlal.
   186 | D        | Found a sacrificial altar of Ru.
   187 | D        | Found a shimmering blue altar of Sif Muna.
   400 | D        | Found a bloodstained altar of Trog.
   401 | D        | Found a hide-covered altar of Uskayaw.
   402 | D        | Found a radiant altar of Vehumet.
   403 | D        | Found an ornate altar of the Wu Jian Council.
   404 | D        | Found a shimmering altar of Xom.
   405 | D        | Found a basalt altar of Yredelemnul.
   406 | D        | Found a glowing silver altar of Zin.
   407 | D        | Found a glowing golden altar of the Shining One.
   454 | D        | Noticed a centaur
   454 | D        | Noticed a centaur
   454 | D        | Noticed a two-headed ogre
   454 | D        | Noticed a centaur
   454 | D        | Noticed an orc warrior
   458 | D        | Killed a centaur
   459 | D        | Reached skill level 5 in Long Blades
   459 | D        | Reached skill level 1 in Dodging
   459 | D        | Reached skill level 7 in Shields
   459 | D        | Reached XP level 4. HP: 24/37 MP: 3/5
   459 | D        | Reached XP level 5. HP: 27/42 MP: 3/6
   460 | D        | Reached * piety under Cheibriados
   464 | D        | Killed a two-headed ogre
   465 | D        | Reached skill level 5 in Fighting
   465 | D        | Reached skill level 5 in Armour
   465 | D        | Reached XP level 6. HP: 12/51 MP: 3/9
   465 | D        | Reached ** piety under Cheibriados
   466 | D        | Reached skill level 8 in Shields
   482 | D        | Killed an orc warrior
   482 | D        | Reached *** piety under Cheibriados
   483 | D        | Reached skill level 5 in Invocations
   483 | D        | Reached XP level 7. HP: 40/58 MP: 5/11
   669 | D        | Noticed a soldier ant
   669 | D        | Noticed an unseen horror
   680 | D        | Killed a soldier ant
   681 | D        | Reached skill level 9 in Shields
   692 | D        | Killed an unseen horror
   693 | D        | Reached skill level 10 in Shields
   693 | D        | Reached XP level 8. HP: 54/69 MP: 11/14
   695 | D        | Reached **** piety under Cheibriados
   700 | D        | Reached ***** piety under Cheibriados
   829 | D        | Noticed a komodo dragon
   829 | D        | Noticed a basilisk
   836 | D        | Killed a komodo dragon
   837 | D        | Reached skill level 11 in Shields
   837 | D        | Reached XP level 9. HP: 66/76 MP: 15/15
   846 | D        | Reached ****** piety under Cheibriados
   847 | D        | Reached skill level 10 in Invocations
   848 | D        | Reached skill level 10 in Fighting
   848 | D        | Reached skill level 10 in Long Blades
   854 | D        | Reached skill level 12 in Shields
   866 | D        | Noticed a blink frog
   866 | D        | Noticed a cane toad
   869 | D        | Noticed a five-headed hydra
   872 | D        | Killed a blink frog
   882 | D        | Killed a cane toad
   883 | D        | Reached skill level 13 in Shields
   883 | D        | Reached XP level 10. HP: 35/88 MP: 7/18
   885 | D        | Killed a seven-headed hydra
  1253 | D        | Noticed a lindwurm
  1253 | D        | Noticed a lindwurm
  1264 | D        | Killed a lindwurm
  1274 | D        | Noticed a lindwurm
  1284 | D        | Killed a lindwurm
  1285 | D        | Reached skill level 5 in Dodging
  1285 | D        | Reached skill level 14 in Shields
  1287 | D        | Killed from afar by a lindwurm

Illustrated notes

Levels and vault maps discovered:
D:        linesprint [early_d, line_temple, items_1, d_10, items_2, lair_1,
          lair_end, items_3, orc_1, orc_end, items_4, d_15, swamp_1, shoals_1,
          snake_1, spider_1, d_20, vaults_1, items_5, swamp_end, shoals_end,
          snake_end, spider_end, vaults_end, d_27, items_6, zot_1, zot_end,
          crypt_end, forest_end, elf_end, slime_end, tomb_end, abyss_end,
          pan_hell_end]

Skill      XL: |  1  2  3  4  5  6  7  8  9 10 |
---------------+-------------------------------+-----
Shields        | 4 6 7 8 10 11 13 14 | 14.1
Long Blades    | 3 4 5 6 8 9 11 | 11.9
Fighting       | 4 5 6 8 9 11 12 | 12.2
Armour         | 4 5 6 7 |  7.3
Dodging        | 1 3 4 5 |  5.1
Invocations    | 2 4 5 8 9 11 12 | 12.7
Evocations     | 2 3 4 |  4.9

Action                   |  1- 3 |  4- 6 |  7- 9 | 10-12 || total
-------------------------+-------+-------+-------+-------++-------
Melee: Long sword        |    45 |       |       |       ||    45
       Scimitar          |     3 |    21 |    71 |    31 ||   126
Invok: Slouch            |       |       |     2 |     2 ||     4
  Use: Potion            |     1 |     1 |     2 |     1 ||     5
 Stab: Invisible         |       |     7 |       |       ||     7
Armor: Scale mail        |    29 |       |       |       ||    29
       Chain mail        |       |     5 |       |       ||     5
       Plate armour      |       |       |    22 |     5 ||    27
Dodge: Dodged            |    21 |     5 |    20 |    12 ||    58
Block: Kite shield       |    32 |    13 |    68 |    30 ||   143
       Rpst.: Long sword |     6 |       |       |       ||     6
       Scimitar          |       |     2 |     1 |       ||     3
